AoeStats
← Myth

African Clearing

510481746Analyzed
4v4 RM · 5h ago on Oct 1, 2026· 42m 55s· 8 players
Game mode
Random Map
Map size
Large (8 player)
Population
200
Speed
Normal
Resources
Standard
Victory
Conquest
Starting age
Dark Age
Ending age
Imperial Age
RankedLock teamsTeams togetherTeam positionsShared explorationLock speedFull tech treeHidden civsTurbo modeCheats
Victory
Defeat
🇲🇽 Spanish · Mexico
1277
+14
🇻🇳 Saxons · Vietnam
1245
+15
🇨🇳 Britons · China
1242
+15
🇨🇳 Varangians · China
1166
+18
🇳🇴 Aztecs · Norway
1286
-18
🇨🇳 Vietnamese · China
1218
-15
🇹🇷 Mongols · Türkiye
1206
-15
🇺🇸 Huns · United States
1182
-14
Dr. Watson
5:51 Loom
14:25 Feudal Age
16:00 Double-Bit Axe
23:28 Castle Age
23:01 Forging
22:57 Scale Barding Armor
22:43 Fletching
22:55 Padded Archer Armor
22:48 Gold Mining
22:50 Stone Mining
25:03 Iron Casting
25:29 Husbandry
30:00 Bloodlines
34:45 Bodkin Arrow
35:12 Light Cavalry
36:57 Leather Archer Armor
37:10 Chain Barding Armor
ScrotasticNutz
6:19 Loom
11:22 Feudal Age
28:50 Castle Age
29:31 Wheelbarrow
36:42 Hand Cart
Gin
5:01 Loom
17:00 Feudal Age
20:40 Castle Age
19:55 Scale Mail Armor
20:39 Forging
20:26 Double-Bit Axe
20:22 Horse Collar
21:45 Fletching
30:03 Wheelbarrow
_OMO_
4:33 Loom
14:06 Feudal Age
18:49 Castle Age
17:22 Double-Bit Axe
17:19 Horse Collar
20:12 Bow Saw
19:56 Fletching
23:18 Padded Archer Armor
Ratchet2krox
10:07 Loom
12:35 Feudal Age
26:10 Castle Age
25:07 Stone Mining
25:03 Double-Bit Axe
38:31 Bow Saw
38:12 Gold Mining
42:48 Wheelbarrow
45:17 Imperial Age
smallpox04
6:39 Loom
13:20 Feudal Age
14:15 Double-Bit Axe
17:28 Castle Age
19:20 Bow Saw
19:45 Horse Collar
21:20 Wheelbarrow
21:59 Town Watch
23:09 Fletching
23:21 Elite Skirmisher
23:57 Bodkin Arrow
29:48 Padded Archer Armor
30:46 Pikeman
31:27 Scale Mail Armor
31:45 Leather Archer Armor
31:36 Stone Mining
31:40 Gold Mining
35:00 Squires
35:11 Forging
35:01 Scale Mail Armor
37:40 Imperial Age
35:25 Hand Cart
36:06 Town Patrol
37:22 Ballistics
37:39 Iron Casting
37:57 Gold Shaft Mining
37:45 Chain Mail Armor
38:21 Halberdier
41:20 Chemistry
40:22 Bracer
40:08 Treadmill Crane
42:21 Conscription
42:23 Yeomen
41:24 Elite Longbowman
42:22 Arrowslits
42:30 Guard Tower
Myth
3:41 Loom
12:53 Feudal Age
13:51 Double-Bit Axe
14:42 Bloodlines
17:14 Wheelbarrow
19:27 Forging
20:26 Scale Barding Armor
21:09 Horse Collar
23:35 Gold Mining
26:38 Castle Age
27:24 Husbandry
27:56 Bow Saw
27:47 Heavy Plow
28:07 Hand Cart
29:39 Stone Mining
30:30 Chain Barding Armor
30:26 Town Watch
31:43 Iron Casting
35:46 Stone Shaft Mining
40:31 Imperial Age
38:13 Town Patrol
40:37 Cavalier
42:24 Blast Furnace
42:26 Two-Man Saw
41:58 Crop Rotation
42:40 Plate Barding Armor
Valodimer
3:33 Loom
14:58 Feudal Age
16:57 Double-Bit Axe
17:16 Fletching
21:36 Castle Age
22:33 Bodkin Arrow
30:29 Scale Mail Armor
34:35 Chain Mail Armor
40:29 Wheelbarrow
40:33 Squires
42:50 Horse Collar
43:24 Bow Saw
43:31 Heavy Plow
Connection lost

Rejoining the realm…

Still unreachable

The connection could not be restored.

Session expired

The server has moved on; the page needs a fresh start.